 Dungeon Crawl Stone Soup version v3.33-hellcrawl-137-g4089b7e (webtiles) character file.

5 Jeffwins the Insei (level 2, 6/18 HPs)
             Began as an Octopode Transmuter on Sept 12, 2017.
             Quit the game on level 1 of the Dungeon.
             The game lasted 00:00:48 (382 turns).

Jeffwins the Insei (Octopode Transmuter)             Turns: 382, Time: 00:00:48

Health: 6/18       AC:  1 (0%)Str:  9   XL:     2   Next: 54%
Magic:  4/4        EV: 13    Int: 15    God:
Gold:   24         SH:  0    Dex: 12    Spells: 4/5 levels left

rFire    . . .     SeeInvis .     - Unarmed
rCold    . . .     Faith    .   (no shield)
rNeg     . . .     Spirit   .   (helmet restricted)
rPois    .         Reflect  .   (no amulet)
rElec    .                      (no ring)
rCorr    .                      (no ring)
MR       .....                  (no ring)
Stlth    ++++......             (no ring)
Regen    0.1/turn               (no ring)
MPRegen  0.2/turn               (no ring)
                                (no ring)
                                (no ring)

@: lethally poisoned (6 -> -1), appendage
A: almost no armour, stealthy swim, amphibious, 8 rings, constrict 8, antennae
1, tentacle spike, camouflage, gelatinous body 1
a: End Transformation


You were on level 1 of the Dungeon.
You were not hungry.
One of your tentacles had a temporary spike.
You visited 1 branch of the dungeon, and saw 1 of its levels.

You collected 24 gold pieces.

Inventory:

Missiles
 a - 171 arrows
 e - 238 stones (quivered)
 f - 95 poisoned darts
Scrolls
 c - a scroll of enchant armour
 d - a scroll of fog


   Skills:
 - Level 1.0 Fighting
 - Level 2.0 Dodging
 + Level 3.2 Unarmed Combat
 + Level 2.0 Spellcasting
 * Level 2.2 Transmutations
 + Level 1.4 Ice Magic


You had 4 spell levels left.
You knew the following spells:

 Your Spells              Type           Power        Failure   Level  Hunger
a - Beastly Appendage     Tmut           8 (50)       9%          1    #......


Dungeon Overview and Level Annotations

Branches:
Dungeon (1/15)

Altars:


Innate Abilities, Weirdness & Mutations

You cannot wear most types of armour.
You are very stealthy in the water.
You are amphibious.
You can wear up to eight rings at the same time.
You can use your tentacles to constrict eight enemies at once.
Your skin blends seamlessly with your surroundings (Stealth+++).
Your rubbery body absorbs attacks. (AC +1, EV +1)
You have a pair of small antennae on your head.


Message History

The hobgoblin hits you with a +1 dagger of venom (3).
You tentacle-slap the hobgoblin (5).
You kill the hobgoblin!
Unknown command.
There is a lethal amount of poison in your body!
You feel extremely strange.
You feel clumsy.
Your vision sharpens.
You feel sick.
You feel extremely strange.
You feel agile.
Your vision seems duller.
A pair of antennae grows on your head!
* * * LOW HITPOINT WARNING * * *
You feel sick.
You see here a +1 dagger of venom.
There is a lethal amount of poison in your body!
There is a lethal amount of poison in your body!
Are you sure you want to abandon this character and quit the game? (Confirm with "yes".)
Okay, then.
Unknown command.
Are you sure you want to abandon this character and quit the game? (Confirm with "yes".)

....#######.........#.######
....#######.........#.#....######
.................##.#.#.##.##....
.....######.####.##.#.#.##.##.###
.##..#......#.....#.#...##....#
.##......####.#####.#########.#
.........#.... ..# ###
..#.#..###.#...##################
#......#.. #....@)...............
#.#.#..#. ##.#.#################
#.....##. #. #...... .........#
#. #.###.. #.######## #. #.# #..
..# #. #.# #.. ### #. #.####. #.
#...... #######


There were no monsters in sight!

Vanquished Creatures
  A ball python (D:1)
  3 bats (D:1)
  A giant cockroach (D:1)
  3 goblins (D:1)
  A hobgoblin (D:1)
  A frilled lizard (D:1)
  2 kobolds (D:1)
  2 rats (D:1)
14 creatures vanquished.

Notes
Turn   | Place    | Note
-------+----------+-------------------------------------------
     0 | D:1      | Jeffwins the Octopode Transmuter began the quest for the Orb.
     0 | D:1      | Reached XP level 1. HP: 13/13 MP: 3/3
   151 | D:1      | Reached skill level 1 in Ice Magic
   164 | D:1      | Reached XP level 2. HP: 15/18 MP: 4/4
   378 | D:1      | Gained mutation: You are clumsy. (Dex -5) [potion of mutation]
   378 | D:1      | Gained mutation: You have supernaturally acute eyesight. (SInv) [potion of mutation]
   379 | D:1      | Lost mutation: You are clumsy. (Dex -5) [potion of mutation]
   379 | D:1      | Lost mutation: You have supernaturally acute eyesight. (SInv) [potion of mutation]
   379 | D:1      | Gained mutation: You have a pair of small antennae on your head. [potion of mutation]
   382 | D:1      | Quit the game

Skill      XL: |  1 |
---------------+----+-----
Ice Magic      | 1 |  1.4
Fighting       | |  1.0
Dodging        | |  2.0
Unarmed Combat | |  3.2
Spellcasting   | |  2.0
Transmutations | |  2.2

Action                   || total
-------------------------++-------
Melee: Unarmed           ||    28
       Constrict         ||     7
       Kick              ||     4
       Tentacles         ||     1
 Cast: Beastly Appendage ||     1
  Use: Potion            ||     2
 Stab: Sleeping          ||     7
Armor: Skin              ||     3
Dodge: Dodged            ||    16
